 Dungeon Crawl Stone Soup version 0.27-a0-637-g3a9f0a9c12 (webtiles) character file.

Game seed: 11167813624955431460

583 Dreamer the Insei (level 7, -14/43 HPs)
             Began as an Octopode Transmuter on Mar 15, 2021.
             Was an Initiate of Cheibriados.
             Demolished by an orc warrior
             ... wielding a +0 scimitar
              (18 damage)
             ... on level 5 of the Dungeon.
             The game lasted 00:20:40 (5711 turns).

Dreamer the Insei (Octopode Transmuter)             Turns: 5711, Time: 00:20:41

Health: -14/43     AC:  1    Str: 12    XL:     7   Next: 37%
Magic:  10/10      EV: 14    Int: 16    God:    Cheibriados [......]
Gold:   252        SH:  0    Dex: 14    Spells: 5/10 levels left

rFire    . . .     SeeInvis .     - Unarmed
rCold    . . .     Faith    .   (no shield)
rNeg     . . .     Spirit   .   (helmet restricted)
rPois    .         Reflect  .   (no amulet)
rElec    .         Harm     .   d - +4 ring of slaying
rCorr    .         Rampage  .   (no ring)
Will     .....                  (no ring)
Stlth    ++++......             (no ring)
HPRegen  0.14/turn              (no ring)
MPRegen  0.12/turn              (no ring)
                                (no ring)
                                (no ring)

@: very slow
A: almost no armour, amphibious, 8 rings, camouflage 1, gelatinous body 1,
nimble swimmer 1, tentacles
a: Renounce Religion, Bend Time


You were on level 5 of the Dungeon.
You worshipped Cheibriados.
Cheibriados was noncommittal.
You visited 2 branches of the dungeon, and saw 7 of its levels.

You collected 252 gold pieces.

Inventory:

Jewellery
 d - a +4 ring of slaying (left tentacle)
 o - an amulet of regeneration
 r - a ring of wizardry
Wands
 p - a wand of paralysis (9)
 q - a wand of mindburst (11)
Scrolls
 a - 5 scrolls of teleportation {unknown}
 b - 6 scrolls of identify {unknown}
 g - 2 scrolls of blinking {unknown}
 j - a scroll of random uselessness {unknown}
 l - 2 scrolls of noise {unknown}
 m - a scroll of enchant armour {unknown}
Potions
 c - a potion of brilliance {unknown}
 e - 2 potions of attraction {unknown}
 f - 4 potions of curing {unknown}
 h - 3 potions of flight {unknown}
 i - a potion of degeneration {unknown}
 k - 2 potions of cancellation {unknown}
 n - a potion of lignification {unknown}


   Skills:
 - Level 1.0 Fighting
 - Level 4.1 Dodging
 + Level 5.0 Stealth
 - Level 5.0 Unarmed Combat
 - Level 2.1 Spellcasting
 * Level 4.1 Transmutations


You had 5 spell levels left.
You knew the following spells:

 Your Spells              Type           Power      Damage    Failure   Level
a - Beastly Appendage     Tmut           30%        N/A       3%          1
b - Ice Form              Ice/Tmut       8%         N/A       65%         4

Your spell library contained the following spells:

 Spells                   Type           Power      Damage    Failure   Level
 Wereblood                Tmut           15%        N/A       5%          2
 Spider Form              Tmut/Pois      4%         N/A       26%         3
 Blade Hands              Tmut           7%         N/A       71%         5


Dungeon Overview and Level Annotations

Branches:
Dungeon (6/15)             Temple (1/1) D:4

Altars:
Ashenzari
Cheibriados
Elyvilon
Fedhas
Gozag
Hepliaklqana
Makhleb
Nemelex Xobeh
Qazlal
Ru
Sif Muna
Trog
Uskayaw
Vehumet
Wu Jian
Xom
Yredelemnul
Zin
The Shining One

Annotations:
D:5 Eustachio, Menkaure


Innate Abilities, Weirdness & Mutations

You cannot wear most types of armour.
You are amphibious.
You can wear up to eight rings at the same time.
Your skin changes colour to match your surroundings (Stealth+).
Your rubbery body absorbs attacks. (AC +1, EV +1)
You are stealthy while swimming. (Stealth+)
You have tentacles for arms and can constrict up to eight enemies at once.


Message History

Where to? (Enter - D:3, ? - help)
There is a stone staircase leading down here.
You climb downwards. 5 orcs, a zombie and a skeleton come into view.
The orc shouts!
The orc warrior shouts!
The orc shouts!
The orc wizard shouts!
Found 17 gold pieces.
Found an escape hatch in the floor.
There is a stone staircase leading up here.
The orc warrior barely misses you. The orc hits you with a +0 short sword.
The orc wizard points at itself and mumbles some strange words.
The orc wizard flickers and vanishes!
Deactivating autopickup; reactivate with Ctrl-A.
The orc closely misses you.
You climb upwards.
Level annotation: Eustachio, Menkaure Reactivating autopickup.
There is a stone staircase leading down here.
You tentacle-slap the orc. Your grab misses the orc.
The orc is almost dead.
You tentacle-slap the orc.
You kill the orc!
Cheibriados thoroughly appreciates the change of pace.
The orc completely misses you. The orc warrior misses you.
You tentacle-slap the orc. Your grab misses the orc.
Your squeeze misses the orc.
The orc is lightly wounded.
The orc closely misses you.
The orc warrior hits you with a +0 scimitar!
You closely miss the orc. You grab the orc. You squeeze the orc!
You kill the orc!
Cheibriados thoroughly appreciates the change of pace.
The orc warrior hits you with a +0 scimitar!!
Ouch! That really hurt!
* * * LOW HITPOINT WARNING * * *
You closely miss the orc warrior. You grab the orc warrior.
You constrict the orc warrior, but do no damage.
You tentacle-slap the orc warrior.
The orc warrior is moderately wounded.
You constrict the orc warrior.
The orc warrior hits you with a +0 scimitar!!
You die...

......#####..###.........########
##........#..#.....#####.........
.#........#..#.....#...#.........
.#........#..#.....#...#.........
.'........#..#.....#...#.........
<#........#..#.....'...#.........
.#........####.....#'###.........
#######.........)......##+######'
#.........@......#.........
#.........o[.....#.........
#..........).....#.........
#................#.........
#................#.........
#................######.###
##############....#.###.##.
#...#.......#....#........
#...#.......#....'........


You could see an orc warrior.

Vanquished Creatures
  3 scorpions
  An orc priest (D:4)
  Jessica (D:3)
  2 worker ants (D:4)
  An orc wizard (D:4)
  A hound skeleton (D:4)
  Robin (D:3)
  4 gnolls
  A howler monkey skeleton (D:4)
  8 adders
  2 shadow imps
  2 oozes
  An adder skeleton (D:3)
  2 worms (D:3)
  5 dart slugs
  3 leopard geckos
  14 orcs
  7 giant cockroaches
  7 hobgoblins
  6 jackals (D:1)
  A kobold (D:1)
  3 quokkas
  2 ball pythons
  12 bats
  A frilled lizard (D:4)
  16 goblins
  5 rats
112 creatures vanquished.

Notes
Turn   | Place    | Note
-------+----------+-------------------------------------------
     0 | D:1      | Dreamer the Octopode Transmuter began the quest for the
                  | Orb.
     0 | D:1      | Reached XP level 1. HP: 13/13 MP: 3/3
   602 | D:1      | Reached XP level 2. HP: 15/18 MP: 5/5
   713 | D:1      | Reached skill level 1 in Stealth
   890 | D:1      | Reached XP level 3. HP: 23/23 MP: 6/6
  1628 | D:2      | Reached XP level 4. HP: 28/28 MP: 7/7
  2426 | D:3      | Reached XP level 5. HP: 33/33 MP: 8/8
  2589 | D:3      | Noticed Robin
  2613 | D:3      | Killed Robin
  2742 | D:3      | Noticed Jessica
  2759 | D:3      | Killed Jessica
  3469 | D:4      | Found a broken altar of Ashenzari.
  3575 | D:4      | Reached XP level 6. HP: 38/38 MP: 9/9
  3582 | D:4      | Learned a level 4 spell: Ice Form
  3589 | D:4      | Found a staircase to the Ecumenical Temple.
  3599 | Temple   | Entered the Ecumenical Temple
  3646 | Temple   | Became a worshipper of Cheibriados the Contemplative
  3784 | D:4      | Found a basalt altar of Yredelemnul.
  3797 | D:4      | Reached skill level 5 in Unarmed Combat
  4040 | D:4      | Found a hide-covered altar of Uskayaw.
  4414 | D:5      | Entered Level 5 of the Dungeon
  4642 | D:5      | Noticed Menkaure
  4725 | D:5      | Reached XP level 7. HP: 34/43 MP: 10/10
  5038 | D:5      | Noticed Eustachio
  5214 | D:5      | Found a sacrificial altar of Ru.
  5324 | D:5      | Reached skill level 5 in Stealth
  5711 | D:5      | Demolished by an orc warrior

Illustrated notes

Levels and vault maps discovered:
D:1:      sevenhm_arrival_forest_fort_large_2, layout_basic
D:2:      layout_basic, serial_glass, glass_columns_a, glass_columns_c,
          glass_columns_a, glass_columns_c, glass_columns_a, glass_columns_b,
          kennysheep_cross_bottleneck
D:3:      layout_loops_ring, dk_vineyard_2, uniq_robin, uniq_jessica
D:4:      layout_rooms, lemuel_crystal_altar, old_standard_altar,
          yredelemnul_altar_generic, minmay_temple_entry_arrows
D:5:      layout_gridville, marbit_many_paths, nicolae_ru_the_path_less_chosen,
          uniq_eustachio, uniq_menkaure
D:6:      layout_loops_ring, kiku_gazebo_garden_becter, minmay_ruffians
Temple:   eino_temple_scatter_basement

Skill      XL: |  1  2  3  4  5  6  7 |
---------------+----------------------+-----
Stealth        | 1 2 3 4 5 |  5.0
Dodging        | 3 4 |  4.1
Unarmed Combat | 4 5 |  5.0
Transmutations | 3 4 |  4.1
Fighting       | |  1.0
Spellcasting   | |  2.1

Action                   |  1- 3 |  4- 6 |  7- 9 || total
-------------------------+-------+-------+-------++-------
Melee: Unarmed           |    74 |   148 |    24 ||   246
       Constrict         |    16 |    40 |     6 ||    62
       Tentacles         |    14 |    20 |     4 ||    38
       Punch             |     1 |     5 |     2 ||     8
 Stab: Sleeping          |     6 |    10 |       ||    16
       Distracted        |     1 |     3 |       ||     4
Armor: Skin              |     3 |     4 |       ||     7
Dodge: Dodged            |    36 |    61 |    13 ||   110

Table legend: (Time is in decaauts)
 A = Elapsed time spent in this place.
 B = Non-inter-level travel time spent in this place.
 C = Inter-level travel time spent in this place.
 D = Time resting spent in this place.
 E = Time spent auto-exploring this place.
 F = Levels seen in this place.
 G = Mean time per level.
                   A        B        C        D        E       F      G
               +--------+--------+--------+--------+--------+-----+--------+
         Total |   6077 |   5971 |    106 |   1684 |   3165 |   7 |  868.1 |
       Dungeon |   5907 |   5801 |    106 |   1684 |   3026 |   6 |  984.5 |
        Temple |    170 |    170 |      0 |      0 |    139 |   1 |  170.0 |
               +--------+--------+--------+--------+--------+-----+--------+

Top non-repeatable levels by time:
     D:1: 1575 daAuts
     D:5: 1567 daAuts
     D:3: 1067 daAuts
     D:4: 942 daAuts
     D:2: 752 daAuts
  Temple: 170 daAuts
     D:6: 1 daAuts
